 Dungeon Crawl Stone Soup version 0.18.1-2-ga659475 (webtiles) character file.

272349 jacquesderrida the Cruncher (level 19, -10/150 (151) HPs)
             Began as a Demonspawn Skald on May 7, 2016.
             Was the Champion of Makhleb.
             Killed from afar by a balrug (57 damage)
             ... with a bolt of fire
             ... summoned by a deep elf demonologist
             ... on level 3 of the Elven Halls on May 8, 2016.
             The game lasted 02:42:14 (20603 turns).

jacquesderrida the Cruncher (Demonspawn Skald)     Turns: 20603, Time: 02:42:15

HP:   -10/150 (151) AC: 23    Str: 25    XL:     19   Next: 4%
MP:   0/25          EV: 17    Int: 16    God:    Makhleb [******]
Gold: 735           SH:  0    Dex: 17    Spells: 8 memorised, 4 levels left

rFire  . . .     SeeInvis .     s - +10 lajatang of Eternal Vigilance {venom, +Rage rN+ Str+4}
rCold  + + +     Gourm    .     L - +6 scale mail "Vuqesh" {rC+ Str+3}
rNeg   + . .     Faith    .     (shield currently unavailable)
rPois  .         Spirit   +     (no helmet)
rElec  .         Dismiss  .     n - +1 cloak {+Inv}
rCorr  .         Reflect  .     v - +2 pair of gloves
SustAt .         Harm     .     (boots unavailable)
MR     +++..                    W - amulet of regeneration
Stlth  ..........               G - ring of protection from magic
                                y - ring "Ebehipog" {rC+ MR+}

@: mighty, about to teleport, corroded, regenerating, extremely resistant to
hostile enchantments, extremely unstealthy
A: hooves 3, rough black scales 3, clever 1, cold resistance 1, low mp 1, magic
shield, magic regeneration
a: Minor Destruction, Lesser Servant of Makhleb, Major Destruction, Greater
Servant of Makhleb, Renounce Religion, Evoke Berserk Rage, Evoke Invisibility
}: 3/15 runes: decaying, slimy, gossamer


You were on level 3 of the Elven Halls.
You worshipped Makhleb.
Makhleb was exalted by your worship.
You were very hungry.

You visited 8 branches of the dungeon, and saw 43 of its levels.
You also visited: Labyrinth.

You collected 2824 gold pieces.
You spent 2089 gold pieces at shops.

Inventory:

Hand Weapons
 s - the +10 lajatang of Eternal Vigilance (weapon) {venom, +Rage rN+ Str+4}
   (You acquired it on level 14 of the Dungeon)

   It poisons the flesh of those it strikes.
   It affects your strength (+4).
   It protects you from negative energy.
   It lets you go berserk.
 N - a +1 scimitar of flaming
Missiles
 E - a throwing net (quivered)
Armour
 n - a +1 cloak of invisibility (worn)
 r - an ice dragon hide
 t - the +3 ring mail "Ymuixigi" {Regen+}
   (You found it on level 6 of the Pits of Slime)

   It increases your rate of regeneration.
 v - a +2 pair of gloves (worn)
 A - a +0 leather armour of poison resistance
 L - the +6 scale mail "Vuqesh" (worn) {rC+ Str+3}
   (You found it on level 3 of the Lair of Beasts)

   It affects your strength (+3).
   It protects you from cold.
Rods
 b - a +4 rod of inaccuracy (11/11)
   (You took it off a minotaur in a labyrinth)
Jewellery
 f - an uncursed amulet of magic regeneration
 g - a +4 ring of protection
 h - an uncursed ring of resist corrosion
 w - an uncursed ring of magical power
 y - the ring "Ebehipog" (left hand) {rC+ MR+}
   (You bought it in a shop on level 8 of the Dungeon)

   [ring of protection from cold]

   It protects you from cold.
   It affects your resistance to hostile enchantments.
 G - a ring of protection from magic (right hand)
 U - an uncursed ring of poison resistance
 W - an amulet of regeneration (around neck)
Wands
 c - a wand of digging (6/24)
 p - a wand of digging (10/24)
 F - a wand of heal wounds (2/9)
Scrolls
 a - 3 scrolls of teleportation
 e - a scroll of amnesia
 i - 4 scrolls of fog
 j - 7 scrolls of immolation
 l - 8 scrolls of remove curse
 o - 3 scrolls of magic mapping
 B - 3 scrolls of enchant weapon
 I - 3 scrolls of enchant armour
 J - a scroll of silence
 K - 3 scrolls of identify
Potions
 k - 3 potions of flight
 m - 4 potions of ambrosia
 q - 4 potions of curing
 D - 2 potions of haste
 H - 2 potions of might
 M - 2 potions of magic
 Q - 2 potions of resistance
 S - a potion of invisibility
 V - 3 potions of berserk rage
 X - 2 potions of brilliance
 Y - a potion of heal wounds
Miscellaneous
 x - a phial of floods
 z - a box of beasts {used: 3}
 C - 2 phantom mirrors
 P - a fan of gales
 R - a lamp of fire
 T - a plain deck of wonders {drawn: 2}
 Z - a stone of tremors
Comestibles
 d - 9 bread rations
 O - 7 meat rations


   Skills:
 + Level 13.7 Fighting
 - Level 10.4 Long Blades
 - Level 14.0 Staves
 + Level 12.7 Armour
 + Level 10.1 Dodging
 - Level 2.0 Spellcasting
 - Level 8.7 Hexes
 + Level 10.6 Charms
 - Level 7.8 Necromancy
 + Level 8.6 Translocations
 - Level 12.8 Invocations


You had 4 spell levels left.
You knew the following spells:

 Your Spells              Type           Power        Failure   Level  Hunger
a - Apportation           Tloc           ####......   1%          1    #......
b - Spectral Weapon       Hex/Chrm       ####....     2%          3    ###....
c - Infusion              Chrm           ####         1%          1    #......
d - Song of Slaying       Chrm           #####...     1%          2    ###....
e - Blink                 Tloc           N/A          1%          2    ###....
f - Passage of Golubria   Tloc           N/A          12%         4    #####..
m - Repel Missiles        Chrm/Air       ###...       10%         2    ###....
r - Regeneration          Chrm/Necr      ####......   2%          3    ###....


Dungeon Overview and Level Annotations

Branches:
Dungeon (15/15)            Temple (1/1) D:7            Lair (8/8) D:11
  Swamp (4/4) Lair:5       Spider (4/4) Lair:6        Slime (6/6) Lair:8
    Orc (2/2) D:12            Elf (3/3) Orc:2        Vaults (0/5) D:14
 Depths (0/5) D:15

Altars:
Ashenzari
Cheibriados
Dithmenos
Elyvilon
Fedhas
Gozag
Makhleb
Nemelex Xobeh
Okawaru
Qazlal
Ru
Sif Muna
Trog
Vehumet
Xom
Yredelemnul
Zin
The Shining One
Jiyva

Shops:
D:8 =   D:9 %   D:15 *   Orc:2 *%*[[

Annotations:
D:3 jacquesderrida's ghost, amateur DsSk
Swamp:3 Scarto's ghost, adept GrBe


Innate Abilities, Weirdness & Mutations

You have hooves in place of feet.
You are completely covered in rough black scales (AC +10, Dex -3).
Your flesh is cold resistant.
When hurt, damage is shared between your health and your magic reserves.
You regenerate magic rapidly.
Your mind is acute. (Int +2)
Your magical capacity is low (-10% MP).


Message History

Unknown command.
You slice the deep elf death mage!!
You kill the deep elf death mage!
Makhleb accepts your kill. The balrug gestures at you.
The bolt of fire hits you!
* * * LOW HITPOINT WARNING * * *
The deep elf mage casts a spell.
The deep elf mage blinks!
The balrug gestures at you.
The bolt of fire hits the balrug.
The balrug completely resists.
The bolt of fire is repelled.
You feel less protected from missiles.
Read which item? (? for menu, Esc to quit)
As you read the scroll of teleportation, it crumbles to dust.
You feel strangely unstable.
You feel a little less agile now. The balrug gestures at you.
The bolt of fire hits you!
You die...

*,,,....§##*,,* #..'.
*,,,,,ee.e##*,* #..##
**,,,,,#§ee##** #....
**,,,*##4e4# #...)
**,*##e(.## #..##
**##eee## #..#. #
#422## #..#.
###.##)##..#######..##
#....@2...............
#...(.................
#..###################
#.,*,,,,,,,,,,,,,,,,,,
#,,*,,,,,,,,,,,,,,,,,,
*,,*,,,,,,,,,,,,,,,,,,
*,,*,,,**+************
*,,+,,,*,,,,,,,,,,,,,,
*,,*,,,*,,,,,,,,,,,,,,


You could see a deep elf blademaster, 2 balrugs, a deep elf master archer, a
shadow demon, 2 deep elf demonologists, 2 deep elf archers, a deep elf high
priest, a deep elf mage, a sixfirhy, a red devil and a halberd of venom.

Vanquished Creatures
  Arachne (Spider:2)
  A deep elf blademaster (Elf:3)
  15 acid blobs
  12 azure jellies
  Donald (Orc:2)
  An orc warlord (Orc:2)
  3 deep elf sorcerers
  3 ghost moths
  6 emperor scorpions
  4 deep elf elementalists (Elf:3)
  Nessos (Lair:7)
  A stone giant (Orc:2)
  A very ugly thing (Swamp:3)
  A deep elf annihilator (Elf:3)
  2 deep elf death magi (Elf:3)
  An ettin (Orc:2)
  A minotaur (Lab)
  A yaktaur captain (D:15)
  3 death oozes (Slime:6)
  An entropy weaver (Spider:1)
  7 great orbs of eyes
  A rakshasa (D:15)
  A catoblepas (Lair:8)
  7 hydras
  2 ice dragons (Swamp:4)
  7 centaur warriors
  Erica (Orc:1)
  An ogre mage (D:14)
  A ghost crab (Swamp:2)
  6 alligators
  A death knight (D:12)
  A deep troll shaman (Lair:8)
  8 dancing weapons
  11 death yaks
  An orc high priest (Orc:2)
  7 deep elf knights
  3 unseen horrors
  A shambling mangrove (Swamp:3)
  4 swamp dragons
  3 deep elf archers
  3 spriggan druids
  7 hill giants
  A lindwurm (Lair:8)
  An orc knight (Orc:2)
  8 orb spiders
  12 ugly things
  26 deep elf magi
  2 shining eyes
  7 orc sorcerers (Orc:2)
  A cyclops (Orc:2)
  22 wolf spiders
  31 elephants
  8 hornets
  A moth of wrath (Spider:4)
  2 manticores
  4 black mambas
  Maurice (Orc:2)
  3 eyes of devastation
  2 gargoyles
  3 centaur skeletons
  10 spiny frogs
  11 demonic crawlers
  3 rime drakes
  A kobold demonologist (D:14)
  2 yaktaurs
  5 komodo dragons
  4 freezing wraiths (Swamp:4)
  22 jumping spiders
  7 trolls
  A polar bear (Lair:8)
  5 giant leeches
  3 two-headed ogres
  A wolf spider simulacrum (D:15)
  4 snapping turtles (D:9)
  5 bog bodies
  58 slime creatures
  A hornet zombie (D:15)
  16 blink frogs
  A wraith (D:11)
  38 redbacks
  A vampire (D:14)
  3 fire elementals
  5 spriggans
  A water elemental (Elf:2)
  18 tarantellas
  9 wyverns
  29 yaks
  Eustachio (D:4)
  9 basilisks
  5 hungry ghosts
  5 golden eyes
  A swamp worm simulacrum (Swamp:4)
  13 hippogriffs
  11 vampire mosquitoes
  7 insubstantial wisps
  2 mottled dragons
  15 swamp worms
  A soldier ant (D:10)
  2 wargs (Orc:2)
  7 water moccasins
  4 swamp drakes
  13 hydra simulacra (Swamp:4)
  3 hell hounds (D:15)
  Duvessa (D:6)
  2 porcupines
  An ice beast (D:8)
  10 eyes of draining
  13 wasps
  A phantom (D:6)
  20 orc warriors
  6 sky beasts
  7 ogres
  16 wolves
  2 black bears (Lair:8)
  19 centaurs
  10 crocodiles
  13 giant frogs
  5 big kobolds
  An earth elemental (Elf:2)
  A wyvern zombie (D:9)
  Dowan (D:6)
  2 scorpions
  15 killer bees
  29 jellies
  4 electric eels
  3 howler monkeys (D:8)
  4 crimson imps
  4 centaur zombies
  A giant frog zombie (D:12)
  24 orc wizards
  A hound (D:8)
  28 orc priests
  2 giant frog skeletons
  5 iguanas
  7 worker ants
  10 sheep
  4 worker ant zombies
  4 gnolls (Orc:1)
  A howler monkey zombie (D:9)
  14 adders
  33 river rats
  4 shadow imps
  2 swamp drake simulacra (Swamp:4)
  2 worms (D:2)
  An adder skeleton (D:9)
  3 dart slugs
  5 giant geckos
  46 orcs
  A giant cockroach (D:2)
  5 goblins (D:2)
  2 hobgoblins
  4 jackals (D:9)
  A quokka (D:7)
  7 bats
  A giant gecko skeleton (D:4)
  3 giant newts
  7 kobolds
  7 rats
  A fungus (Lair:7)
1068 creatures vanquished.

Vanquished Creatures (collateral kills)
  the Royal Jelly (Slime:6)
  A tentacled monstrosity (Swamp:3)
  An acid blob (Slime:6)
  An azure jelly (Slime:6)
  Snorg (D:12)
  A death ooze (Slime:6)
  Fannar (D:11)
  Josephine (D:11)
  6 hydras
  A centaur warrior (D:14)
  A dancing weapon (Elf:1)
  A death yak (Lair:8)
  An unseen horror (D:13)
  A hill giant (D:11)
  A deep elf mage (Elf:1)
  A griffon (Lair:4)
  An ugly thing (D:13)
  An orc sorcerer (Orc:1)
  A manticore (D:12)
  A moth of wrath (Spider:4)
  2 elephants (Lair:8)
  A black mamba (Lair:4)
  A centaur skeleton (D:14)
  4 spiny frogs
  2 komodo dragons
  2 yaktaurs (D:14)
  A troll (D:12)
  2 two-headed ogres
  A polar bear (Lair:3)
  A slime creature (D:13)
  4 blink frogs (Lair:4)
  4 wraiths (D:11)
  4 yaks
  A vampire (D:12)
  A hippogriff (D:12)
  A golden eye (Slime:4)
  3 water moccasins
  A porcupine (Lair:4)
  An eye of draining (D:12)
  5 wolves
  An ogre (D:14)
  3 centaurs
  A crocodile (Lair:4)
  A big kobold (D:12)
  4 giant frogs
  A scorpion (D:12)
  4 killer bees (D:11)
  A giant frog zombie (D:11)
  An orc wizard (Orc:1)
  An iguana (Lair:3)
  A sheep (Lair:4)
  4 river rats (Lair:4)
  8 orcs
  2 kobolds (D:12)
  A plant (Lair:8)
101 creatures vanquished.

Vanquished Creatures (others)
  A ghost moth (Spider:3)
  A redback (Spider:1)
  2 tarantellas
  A golden eye (Slime:3)
  A wasp (Spider:4)
  A bat (D:9)
  22 fungi
  5 plants
  72 spectral weapons
106 creatures vanquished.

Grand Total: 1275 creatures vanquished

Notes
Turn   | Place    | Note
--------------------------------------------------------------
     0 | D:1      | jacquesderrida the Demonspawn Skald began the quest for the Orb.
     0 | D:1      | Reached XP level 1. HP: 16/16 MP: 3/3
   328 | D:1      | Gained mutation: You have large cloven feet. [demonic ancestry]
   328 | D:1      | Reached XP level 2. HP: 18/22 MP: 5/5
   464 | D:2      | Found a shimmering altar of Xom.
   464 | D:2      | Found a shimmering altar of Xom.
   464 | D:2      | Found a shimmering altar of Xom.
   467 | D:2      | Found a shimmering altar of Xom.
   721 | D:2      | Found a shadowy altar of Dithmenos.
   727 | D:2      | Gained mutation: You are partially covered in rough black scales (AC +4, Dex -1). [demonic ancestry]
   727 | D:2      | Reached XP level 3. HP: 23/27 MP: 6/6
   740 | D:2      | Found a radiant altar of Vehumet.
   815 | D:2      | Learned a level 3 spell: Regeneration
   930 | D:3      | Noticed jacquesderrida's ghost (amateur DsSk)
  1101 | D:4      | Reached skill level 1 in Necromancy
  1101 | D:4      | Gained mutation: You are mostly covered in rough black scales (AC +7, Dex -2). [demonic ancestry]
  1101 | D:4      | Reached XP level 4. HP: 30/33 MP: 1/7
  1119 | D:4      | Noticed Eustachio
  1187 | D:4      | Killed Eustachio
  1187 | D:4      | Gained mutation: When hurt, damage is shared between your health and your magic reserves. [demonic ancestry]
  1187 | D:4      | Reached XP level 5. HP: 23/38 MP: 8/8
  1294 | D:5      | Entered Level 5 of the Dungeon
  1321 | D:5      | Found a shimmering altar of Xom.
  1321 | D:5      | Found an iron altar of Okawaru.
  1358 | D:5      | Found a sparkling altar of Nemelex Xobeh.
  1500 | D:6      | Noticed Dowan
  1503 | D:6      | Noticed Duvessa
  1539 | D:6      | Killed Duvessa
  1539 | D:6      | Reached XP level 6. HP: 44/44 MP: 4/9
  1550 | D:6      | Killed Dowan
  1756 | D:6      | Noticed a sky beast
  1760 | D:6      | Noticed an orc warrior
  1795 | D:6      | Learned a level 3 spell: Spectral Weapon
  1796 | D:6      | Noticed a sky beast
  1809 | D:6      | Killed a sky beast
  1809 | D:6      | Reached skill level 1 in Dodging
  1809 | D:6      | Reached XP level 7. HP: 47/50 MP: 1/10
  1929 | D:6      | Found a stormy altar of Qazlal.
  1946 | D:6      | Reached skill level 5 in Charms
  2148 | D:7      | Noticed a steam dragon
  2245 | D:8      | Found a shattered altar of Ashenzari.
  2340 | D:8      | Reached skill level 5 in Long Blades
  2414 | D:8      | Found Ymey's Jewellery Shop.
  2423 | D:8      | Noticed a hungry ghost
  2439 | D:8      | Killed a hungry ghost
  2439 | D:8      | Reached XP level 8. HP: 58/60 MP: 11/11
  2539 | D:7      | Found a sacrificial altar of Ru.
  2627 | D:7      | Found a staircase to the Ecumenical Temple.
  2660 | Temple   | Entered the Ecumenical Temple
  2708 | Temple   | Became a worshipper of Makhleb the Destroyer
  3113 | D:8      | Reached skill level 5 in Fighting
  3167 | D:10     | Entered Level 10 of the Dungeon
  3185 | D:10     | Reached XP level 9. HP: 39/68 MP: 12/12
  3235 | D:10     | Noticed a centaur warrior
  3298 | D:9      | Reached * piety under Makhleb
  3566 | D:9      | Found Xamiagh's Food Boutique.
  3573 | D:9      | Found an opulent altar of Gozag.
  3576 | D:9      | Found a glowing silver altar of Zin.
  3745 | D:9      | Reached ** piety under Makhleb
  3745 | D:9      | Reached skill level 5 in Dodging
  3762 | D:9      | Reached skill level 5 in Necromancy
  3985 | D:10     | Reached skill level 1 in Invocations
  4048 | D:10     | Gained mutation: You are completely covered in rough black scales (AC +10, Dex -3). [demonic ancestry]
  4048 | D:10     | Reached XP level 10. HP: 13/74 MP: 2/13
  4151 | D:10     | Noticed a hill giant
  4151 | D:10     | Noticed a gargoyle
  4220 | D:11     | Noticed a hill giant
  4232 | D:11     | Killed a hill giant
  4244 | D:10     | Killed a hill giant
  4302 | D:10     | Killed an unseen horror
  4302 | D:10     | Reached skill level 5 in Invocations
  4336 | D:10     | Killed a centaur warrior
  4360 | D:11     | Noticed Fannar
  4385 | D:11     | Noticed a hill giant
  4391 | D:11     | Found a staircase to the Lair.
  4399 | Lair:1   | Entered Level 1 of the Lair of Beasts
  4503 | Lair:1   | Noticed a spiny frog
  4514 | Lair:1   | Killed a spiny frog
  4761 | Lair:1   | Reached *** piety under Makhleb
  4917 | Lair:1   | Learned a level 2 spell: Repel Missiles
  4920 | Lair:1   | Learned a level 2 spell: Song of Slaying
  4937 | Lair:2   | Noticed a spiny frog
  4956 | Lair:2   | Killed a spiny frog
  5112 | Lair:2   | Reached XP level 11. HP: 36/80 MP: 3/16
  5246 | Lair:3   | Noticed a death yak
  5351 | Lair:2   | Noticed a four-headed hydra
  5450 | Lair:3   | Got an ancient scale mail
  5566 | Lair:3   | Identified the +6 scale mail "Vuqesh" {rC+ Str+3} (You found it on level 3 of the Lair of Beasts)
  5596 | Lair:3   | Noticed a death yak
  5769 | Lair:4   | Noticed a griffon
  5774 | Lair:4   | Noticed a five-headed hydra
  5777 | Lair:4   | Killed a griffon
  5855 | Lair:3   | Reached skill level 1 in Hexes
  6111 | Lair:4   | Killed a five-headed hydra
  6227 | Lair:5   | Noticed a six-headed hydra
  6568 | D:11     | Killed a hill giant
  6621 | D:11     | Noticed a hill giant
  6632 | D:11     | Killed a hill giant
  6713 | D:11     | Gained mutation: You have hoof-like feet. [demonic ancestry]
  6713 | D:11     | Reached XP level 12. HP: 89/91 MP: 19/19
  6736 | D:11     | Noticed Josephine
  6744 | D:11     | Killed Josephine
  6757 | D:11     | Killed Fannar
  6810 | D:11     | Reached **** piety under Makhleb
  6948 | D:12     | Reached skill level 10 in Invocations
  7057 | D:12     | Noticed Snorg
  7064 | D:12     | Killed Snorg
  7132 | D:12     | Found a basalt altar of Yredelemnul.
  7181 | D:12     | Found a staircase to the Orcish Mines.
  7374 | D:13     | Reached skill level 10 in Long Blades
  7504 | D:14     | Noticed a centaur warrior
  7516 | D:14     | Killed a centaur warrior
  7550 | D:14     | Found a labyrinth entrance.
  7592 | Lab      | Entered a labyrinth
  7833 | Lab      | Found an exit through the horrors of the Abyss.
  7969 | Lab      | Noticed a minotaur
  7995 | Lab      | Killed a minotaur
  8004 | Lab      | Identified a +4 rod of inaccuracy (1/11) (You took it off a minotaur in a labyrinth)
  8012 | Lab      | Got a crude short sword
  8013 | Lab      | Identified the +5 short sword of Drought {flame, rC+} (You found it in a labyrinth)
  8131 | D:14     | Found a gate to the Vaults.
  8131 | D:14     | Noticed an ogre mage
  8152 | D:14     | Killed an ogre mage
  8181 | D:14     | Noticed a centaur warrior
  8192 | D:14     | Killed a centaur warrior
  8199 | D:14     | Got a clouded granite ring
  8201 | D:14     | Identified the ring "Fiuriude" {*Tele rN+ Int+3} (You took it off a centaur warrior on level 14 of the Dungeon)
  8257 | D:14     | Identified a scroll of acquirement
  8262 | D:14     | Got a slimy lajatang
  8263 | D:14     | Identified the +10 lajatang of Eternal Vigilance {venom, +Rage rN+ Str+4} (You acquired it on level 14 of the Dungeon)
  8373 | D:14     | Reached skill level 1 in Staves
  8474 | D:15     | Entered Level 15 of the Dungeon
  8486 | D:14     | Reached skill level 2 in Staves
  8494 | D:14     | Gained mutation: Your flesh is cold resistant. [demonic ancestry]
  8494 | D:14     | Reached XP level 13. HP: 69/100 MP: 20/21
  8588 | D:15     | Reached skill level 3 in Staves
  8709 | D:15     | Reached skill level 4 in Staves
  8813 | D:15     | Reached skill level 5 in Staves
  8857 | D:15     | Reached skill level 6 in Staves
  8864 | D:15     | Found a staircase to the Depths.
  8951 | D:15     | Found Gyplib's General Store.
  8990 | D:15     | Reached skill level 7 in Staves
  9023 | D:15     | Reached skill level 8 in Staves
  9051 | D:15     | Reached skill level 9 in Staves
  9053 | D:15     | Reached ***** piety under Makhleb
  9285 | D:15     | Reached skill level 10 in Staves
  9312 | D:15     | Bought a scroll of teleportation for 42 gold pieces
  9312 | D:15     | Bought a scroll of identify for 28 gold pieces
  9371 | D:15     | Found a sacrificial altar of Ru.
  9510 | Orc:1    | Entered Level 1 of the Orcish Mines
  9606 | Orc:1    | Noticed Erica
  9617 | Orc:1    | Killed Erica
  9617 | Orc:1    | Reached XP level 14. HP: 106/106 MP: 22/22
  9669 | Orc:2    | Entered Level 2 of the Orcish Mines
  9671 | Orc:2    | Noticed a stone giant
  9713 | Orc:2    | Found a staircase to the Elven Halls.
  9734 | Orc:2    | Killed a stone giant
  9749 | Orc:2    | Noticed Maurice
  9751 | Orc:2    | Reached skill level 11 in Staves
  9752 | Orc:2    | Noticed Donald
  9775 | Orc:2    | Killed Maurice
  9789 | Orc:2    | Killed Donald
  9839 | Orc:2    | Noticed an orc warlord
  9843 | Orc:2    | Paralysed by an orc sorcerer for 2 turns
  9853 | Orc:2    | Found Eczottaw's Antique Armour Boutique.
  9909 | Orc:2    | Bought a runed leather armour for 46 gold pieces
  9909 | Orc:2    | Bought a pair of runed boots for 103 gold pieces
 10110 | Orc:2    | Killed an orc warlord
 10115 | Orc:2    | Reached skill level 12 in Staves
 10282 | Orc:2    | Reached ****** piety under Makhleb
 10327 | Orc:2    | Found Wighab's Armour Shop.
 10327 | Orc:2    | Found Caegyu's Food Boutique.
 10328 | Orc:2    | Found Aleff's Assorted Antiques.
 10356 | Orc:2    | Found Mucve's Assorted Antiques.
 10387 | Orc:2    | Bought a viscous brown potion for 20 gold pieces
 10389 | Orc:2    | Bought an encrusted copper wand for 92 gold pieces
 10390 | Orc:2    | Bought a scroll of identify for 46 gold pieces
 10393 | Orc:2    | Bought a runed golden ring for 130 gold pieces
 10393 | Orc:2    | Bought a garnet ring for 130 gold pieces
 10393 | Orc:2    | Bought a scroll of recharging for 247 gold pieces
 10409 | Orc:2    | Bought a scroll of recharging for 247 gold pieces
 10418 | Orc:2    | Learned a level 1 spell: Apportation
 10577 | Orc:1    | Upgraded the game from 0.18.1-1-g2f07953 to 0.18.1-2-ga659475
 11117 | D:15     | Reached skill level 13 in Staves
 11137 | D:15     | Found a radiant altar of Vehumet.
 11547 | Lair:6   | You fall through a shaft!
 11838 | Lair:7   | Noticed Nessos
 11847 | Lair:7   | Killed Nessos
 11847 | Lair:7   | Reached skill level 14 in Staves
 11864 | Lair:7   | Reached skill level 1 in Armour
 11891 | Lair:7   | Reached XP level 15. HP: 113/113 MP: 23/23
 12122 | Lair:8   | Entered Level 8 of the Lair of Beasts
 12229 | Lair:8   | Reached skill level 10 in Fighting
 12336 | Lair:8   | Reached skill level 5 in Armour
 12644 | Lair:8   | Found a staircase to the Slime Pits.
 12644 | Lair:8   | Found a viscous altar of Jiyva.
 12781 | Lair:6   | Found a hole to the Spider Nest.
 12816 | Spider:1 | Entered Level 1 of the Spider Nest
 12999 | Spider:1 | Killed a ghost moth
 13465 | Spider:2 | Noticed Arachne
 13502 | Spider:2 | Killed Arachne
 13707 | Spider:3 | Gained mutation: You have hooves in place of feet. [demonic ancestry]
 13707 | Spider:3 | Reached XP level 16. HP: 127/127 MP: 24/24
 13784 | Spider:4 | Entered Level 4 of the Spider Nest
 14529 | Spider:4 | Reached skill level 1 in Translocations
 14539 | Spider:4 | Got a gossamer rune of Zot
 14741 | Spider:2 | Reached skill level 10 in Armour
 15713 | Lair:5   | Found a staircase to the Swamp.
 15734 | Swamp:1  | Entered Level 1 of the Swamp
 16012 | Swamp:3  | Noticed Scarto's ghost (adept GrBe)
 16204 | Swamp:2  | Reached skill level 5 in Hexes
 16257 | Swamp:3  | Noticed a tentacled monstrosity
 16266 | Swamp:3  | Killed a tentacled monstrosity
 16266 | Swamp:3  | Reached XP level 17. HP: 121/137 MP: 25/25
 16383 | Swamp:4  | Entered Level 4 of the Swamp
 16873 | Swamp:4  | Got a decaying rune of Zot
 17197 | Slime:1  | Entered Level 1 of the Pits of Slime
 17283 | Slime:1  | Noticed an acid blob
 17284 | Slime:1  | Noticed an acid blob
 17291 | Slime:1  | Killed an acid blob
 17291 | Slime:1  | Reached skill level 5 in Translocations
 17292 | Slime:1  | Gained mutation: Your mind is acute. (Int +2) [a shining eye]
 17297 | Slime:1  | Killed an acid blob
 17398 | Slime:4  | Noticed an acid blob
 17416 | Slime:3  | Killed an acid blob
 17524 | Slime:3  | Noticed an acid blob
 17558 | Slime:3  | Killed an acid blob
 17825 | Slime:4  | Noticed an acid blob
 17857 | Slime:3  | Killed an acid blob
 18005 | Slime:4  | HP: 6/137 [azure jelly (5)]
 18006 | Slime:4  | Paralysed by a great orb of eyes for 4 turns
 18008 | Slime:4  | Noticed an acid blob
 18016 | Slime:4  | Killed an acid blob
 18061 | Slime:5  | Noticed an acid blob
 18310 | Slime:6  | Entered Level 6 of the Pits of Slime
 18324 | Slime:6  | Gained mutation: Your magical capacity is low (-10% MP). [a shining eye]
 18328 | Slime:6  | Noticed an acid blob
 18341 | Slime:6  | Killed an acid blob
 18375 | Slime:6  | Noticed the Royal Jelly
 18381 | Slime:6  | Noticed an acid blob
 18389 | Slime:6  | Killed an acid blob
 18389 | Slime:6  | Reached XP level 18. HP: 62/141 MP: 3/24
 18396 | Slime:6  | Killed the Royal Jelly
 18609 | Slime:6  | Reached skill level 10 in Charms
 18620 | Slime:6  | Learned a level 2 spell: Blink
 18625 | Slime:6  | Learned a level 4 spell: Passage of Golubria
 18659 | Slime:6  | Identified the Grimoire of Earth and Toxins
 18716 | Slime:6  | Got a slimy rune of Zot
 18721 | Slime:6  | Got a translucent ring mail
 18723 | Slime:6  | Got a vibrating steel ring
 18798 | Slime:6  | Identified the cursed ring "Payseit" {rElec MR+ AC-5 Int-2} (You found it on level 6 of the Pits of Slime)
 19183 | D:10     | Identified the +3 ring mail "Ymuixigi" {Regen+} (You found it on level 6 of the Pits of Slime)
 19312 | Orc:2    | Bought a potion of curing for 69 gold pieces
 19312 | Orc:2    | Bought a bloodstained scale mail for 207 gold pieces
 19322 | Orc:2    | Identified the cursed +0 scale mail of Impatience {+Inv Int+3} (You bought it in a shop on level 2 of the Orcish Mines)
 19335 | Orc:2    | Bought a potion of curing for 78 gold pieces
 19335 | Orc:2    | Bought a potion of curing for 78 gold pieces
 19374 | Elf:1    | Entered Level 1 of the Elven Halls
 19692 | D:8      | Bought the ring "Ebehipog" {rC+ MR+} for 526 gold pieces
 20304 | Elf:3    | Entered Level 3 of the Elven Halls
 20548 | Elf:3    | Reached skill level 10 in Dodging
 20579 | Elf:3    | Gained mutation: You regenerate magic rapidly. [demonic ancestry]
 20579 | Elf:3    | Reached XP level 19. HP: 127/150 MP: 6/25
 20603 | Elf:3    | Killed from afar by a balrug

Skill      XL: |  1  2  3  4  5  6  7  8  9 10 11 12 13 14 15 16 17 18 |
---------------+-------------------------------------------------------+-----
Long Blades    | 2 3 4 5 6 7 8 9 10 | 10.4
Charms         | 3 4 5 6 7 9 10 | 10.6
Necromancy     | 1 2 3 5 7 |  7.8
Dodging        | 1 2 4 5 7 8 9 10 | 10.1
Fighting       | 3 5 7 8 9 12 13 | 13.7
Invocations    | 3 7 9 11 12 | 12.8
Hexes          | 3 5 7 8 |  8.7
Staves         | 2 10 14 | 14.0
Armour         | 1 8 10 11 12 | 12.7
Translocations | 3 6 8 |  8.6
Spellcasting   | |  2.0

Action                   |  1- 3 |  4- 6 |  7- 9 | 10-12 | 13-15 | 16-18 | 19-21 || total
-------------------------+-------+-------+-------+-------+-------+-------+-------++-------
Melee: Falchion          |   102 |    87 |       |       |       |       |       ||   189
       Kick              |    16 |    17 |   135 |   290 |   125 |   530 |    11 ||  1124
       Long sword        |       |    17 |   351 |   648 |       |       |       ||  1016
       Dagger            |       |       |    56 |       |       |       |       ||    56
       Lajatang          |       |       |       |    33 |  1077 |  1360 |    21 ||  2491
       Scimitar          |       |       |       |       |     5 |    33 |       ||    38
 Cast: Infusion          |     1 |     2 |     5 |     1 |       |       |       ||     9
       Regeneration      |       |     3 |    27 |    51 |    56 |    66 |     1 ||   204
       Spectral Weapon   |       |       |    21 |    57 |    49 |    87 |       ||   214
       Repel Missiles    |       |       |       |     4 |     4 |     5 |       ||    13
       Apportation       |       |       |       |       |     2 |    29 |       ||    31
       Song of Slaying   |       |       |       |       |     1 |       |       ||     1
Invok: Minor Destruction |       |       |       |    12 |     3 |     4 |       ||    19
       Lesser Servant of |       |       |       |    43 |    11 |     2 |       ||    56
       Greater Servant o |       |       |       |       |       |     7 |       ||     7
       Major Destruction |       |       |       |       |       |     1 |       ||     1
Evoke: Wand              |       |       |    12 |    12 |     9 |    26 |       ||    59
       Box of beasts     |       |       |       |     3 |       |       |       ||     3
       Phial of floods   |       |       |       |     2 |     1 |     1 |       ||     4
       Deck              |       |       |       |     2 |       |       |       ||     2
       Fan of gales      |       |       |       |       |     1 |     1 |       ||     2
       Rod               |       |       |       |       |     3 |       |       ||     3
       Stone of tremors  |       |       |       |       |       |     1 |       ||     1
       Phantom mirror    |       |       |       |       |       |     1 |       ||     1
  Use: Potion            |       |     8 |     1 |     3 |     8 |    12 |       ||    32
       Scroll            |       |       |    14 |    15 |    13 |    19 |     1 ||    62
 Stab: Sleeping          |       |       |     2 |     1 |     6 |       |       ||     9
       Distracted        |       |       |     3 |    13 |     5 |    10 |       ||    31
       Petrified         |       |       |       |       |     1 |       |       ||     1
  Eat: Chunk             |       |     3 |    20 |    30 |    23 |    14 |       ||    90
       Pizza             |       |       |     2 |       |     1 |       |       ||     3
       Beef jerky        |       |       |     2 |     4 |     1 |     1 |       ||     8
       Royal jelly       |       |       |       |     1 |     2 |       |       ||     3
       Fruit             |       |       |       |       |     8 |    30 |       ||    38
       Meat ration       |       |       |       |       |       |     2 |       ||     2
Armor: Leather armour    |    46 |    35 |   238 |   268 |   444 |   237 |       ||  1268
       Skin              |       |    28 |       |       |       |       |       ||    28
       Scale mail        |       |       |       |       |       |   763 |     4 ||   767
Dodge: Dodged            |    74 |    84 |   404 |   870 |  1074 |  1108 |    10 ||  3624
       Deflected         |       |       |       |     7 |    15 |    35 |     2 ||    59
